 Dungeon Crawl Stone Soup version 0.27.0-1-g7a089689b8 (webtiles) character file.

Game seed: 480378321129113348

455189 wakim the Impregnable (level 23, -16/211 HPs)
             Began as a Minotaur Fighter on Aug 6, 2021.
             Was the Champion of Okawaru.
             Killed from afar by a war gargoyle (17 damage)
             ... with a spray of metal splinters
             ... led by a peacekeeper
             ... on level 4 of the Vaults.
             The game lasted 02:10:10 (48653 turns).

wakim the Impregnable (Minotaur Fighter)           Turns: 48653, Time: 02:10:10

Health: -16/211    AC: 44    Str: 37    XL:     23   Next: 52%
Magic:  27/33      EV: 19    Int:  6    God:    Okawaru [******]
Gold:   2683       SH: 28    Dex: 19    Spells: 22/22 levels left

rFire    + + .     SeeInvis +   a - +6 demon whip (vorpal)
rCold    + + +     Faith    .   q - +4 kite shield of Follow the Leader {*Slow rF+ rC+ Slay+3}
rNeg     + + .     Spirit   .   Q - +2 gold dragon scales
rPois    +         Reflect  +   g - +2 hat {Will+}
rElec    +         Harm     .   i - +0 cloak of Liberalism {rPois Str+4 SInv}
rCorr    .         Rampage  ∞   c - +5 pair of gloves of Insatiable Hunger {Fly rElec rC+}
Will     ++++.                  V - +3 pair of seven-league boots {Rampage+∞}
Stlth    ..........             d - amulet of reflection
HPRegen  0.45/turn              P - ring of Laxzin {*Slow rF+ rN++ Str+6 Stlth+}
MPRegen  0.23/turn              j - ring of Emacashre {rF- rC+ Will++ Dex+6 Stlth+}

@: heroic, finesse-ful, flying, slowed, studying Necromancy, very slow
A: horns 2, retaliatory headbutt
}: 1/15 runes: serpentine
a: Renounce Religion, Heroism, Finesse


You were on level 4 of the Vaults.
You worshipped Okawaru.
Okawaru was exalted by your worship.
You visited 7 branches of the dungeon, and saw 35 of its levels.
You also visited: Gauntlet and Wizlab.

You collected 4782 gold pieces.
You spent 2099 gold pieces at shops.

Inventory:

Hand Weapons
 a - a +6 vorpal demon whip (weapon)
 b - a +2 sacred scourge of holy wrath
Missiles
 k - 27 javelins (quivered)
 p - a throwing net {=f!f}
 M - 23 silver javelins
Armour
 c - the +5 pair of gloves of Insatiable Hunger (worn) {Fly rElec rC+}
   (Okawaru gifted it to you on level 1 of the Snake Pit)

   rC:        It protects you from cold.
   rElec:     It insulates you from electricity.
   Fly:       It grants you flight.
 e - the +5 plate armour "Porah" {-Cast *Corrode rF+++ Regen+}
   (Okawaru gifted it to you on level 6 of the Lair of Beasts)

   rF:        It renders you almost immune to fire.
   -Cast:     It prevents spellcasting.
   Regen:     It increases your rate of health regeneration.
   *Corrode:  It may corrode you when you take damage.
 g - a +2 hat of willpower (worn)
 i - the +0 cloak of Liberalism (worn) {rPois Str+4 SInv}
   (You found it in a wizard's laboratory)

   Str:       It affects your strength (+4).
   rPois:     It protects you from poison.
   SInv:      It lets you see invisible.
 q - the +4 kite shield of Follow the Leader (worn) {*Slow rF+ rC+ Slay+3}
   (You bought it in a shop on level 15 of the Dungeon)

   Slay:      It affects your accuracy & damage with ranged weapons and melee
   (+3).
   rF:        It protects you from fire.
   rC:        It protects you from cold.
   *Slow:     It may slow you when you take damage.
 Q - +2 gold dragon scales (worn)
 V - the +3 pair of seven-league boots (worn) {Rampage+∞}
   (You found it on level 6 of the Lair of Beasts)

   Its wearer moves as far as possible in that direction when moving towards
   enemies.
Jewellery
 d - an amulet of reflection (around neck)
 f - a ring of positive energy
 h - a ring of willpower
 j - the ring of Emacashre (right hand) {rF- rC+ Will++ Dex+6 Stlth+}
   (You found it on level 14 of the Dungeon)

   [ring of dexterity]

   Dex:       It affects your dexterity (+6).
   rF:        It makes you vulnerable to fire.
   rC:        It protects you from cold.
   Will:      It greatly increases your willpower.
   Stlth:     It makes you more stealthy.
 n - a ring of protection from fire
 s - a +4 ring of protection
 L - a ring of resist corrosion
 P - the ring of Laxzin (left hand) {*Slow rF+ rN++ Str+6 Stlth+}
   (You acquired it on level 4 of the Snake Pit)

   [ring of strength]

   Str:       It affects your strength (+6).
   rF:        It protects you from fire.
   rN:        It greatly protects you from negative energy.
   *Slow:     It may slow you when you take damage.
   Stlth:     It makes you more stealthy.
Wands
 t - a wand of digging (19)
 u - a wand of mindburst (35)
 v - a wand of flame (28)
 w - a wand of acid (21)
 x - a wand of iceblast (57)
 y - a wand of paralysis (30)
Scrolls
 o - a scroll of enchant armour
 R - 7 scrolls of magic mapping {!r}
 S - a scroll of summoning
 T - 21 scrolls of teleportation
 U - 8 scrolls of fear
 W - 7 scrolls of holy word
 X - 5 scrolls of fog
 Y - 7 scrolls of blinking {!r}
 Z - a scroll of silence {!r}
Potions
 A - 5 potions of ambrosia
 B - 8 potions of attraction {!q}
 C - 2 potions of berserk rage {!q}
 D - 8 potions of brilliance
 E - 4 potions of cancellation
 F - 7 potions of curing
 H - 7 potions of haste
 I - 7 potions of invisibility
 J - 6 potions of heal wounds
 K - 3 potions of magic
 N - 4 potions of might
 O - 3 potions of resistance
Miscellaneous
 l - a condenser vane
 m - a phantom mirror


   Skills:
 * Level 18.8(23.8) Fighting
 * Level 18.8(23.8) Maces & Flails
 + Level 14.6(19.6) Throwing
 * Level 21.1(26.1) Armour
 + Level 13.7(18.7) Dodging
 * Level 18.0(23.0) Shields
 + Level 14.8 Invocations
 - Level 8.0 Evocations


You had 22 spell levels left.
You didn't know any spells.
Your spell library contained the following spells:

 Spells                   Type           Power      Damage    Failure   Level
 Animate Skeleton         Necr           0%         N/A       91%         1
 Freeze                   Ice            0%         1d3       91%         1
 Magic Dart               Conj           0%         1d3       91%         1
 Pain                     Necr           0%         1d4       91%         1
 Sandblast                Erth           0%         2d4       91%         1
 Call Imp                 Summ           0%         N/A       97%         2
 Ensorcelled Hibernation  Hex/Ice        0%         N/A       97%         2
 Passwall                 Tmut/Erth      0%         N/A       97%         2
 Slow                     Hex            0%         N/A       97%         2
 Confusing Touch          Hex            0%         N/A       99%         3
 Frozen Ramparts          Ice            0%         1d2       99%         3
 Gell's Gravitas          Tloc           0%         N/A       99%         3
 Lesser Beckoning         Tloc           0%         N/A       99%         3
 Mephitic Cloud           Conj/Pois/Air  0%         N/A       99%         3
 Spider Form              Tmut/Pois      0%         N/A       99%         3
 Swiftness                Air            0%         N/A       99%         3
 Teleport Other           Tloc           0%         N/A       99%         3
 Tukima's Dance           Hex            0%         N/A       99%         3
 Vampiric Draining        Necr           0%         2d6       99%         3
 Hailstorm                Conj/Ice       0%         3d3       100%        4
 Ice Form                 Ice/Tmut       0%         N/A       100%        4
 Leda's Liquefaction      Hex/Erth       0%         N/A       100%        4
 Olgreb's Toxic Radiance  Pois           0%         N/A       100%        4
 Passage of Golubria      Tloc           N/A        N/A       100%        4
 Bolt of Magma            Conj/Fire/Erth 0%         4d4       100%        5
 Yara's Violent Unravell  Hex/Tmut       0%         3d3       100%        5
 Dispersal                Tloc           0%         N/A       100%        6
 Eringya's Noxious Bog    Tmut/Pois      0%         N/A       100%        6
 Invisibility             Hex            0%         N/A       100%        6
 Shadow Creatures         Summ           N/A        N/A       100%        6
 Simulacrum               Ice/Necr       0%         N/A       100%        6
 Statue Form              Tmut/Erth      0%         N/A       100%        6
 Shatter                  Erth           0%         3d5*      100%        9


Dungeon Overview and Level Annotations

Branches:
Dungeon (15/15)            Temple (1/1) D:5            Lair (6/6) D:8
 Shoals (0/4) Lair:3        Snake (4/4) Lair:3        Slime (0/5) Lair:6
    Orc (2/2) D:10            Elf (0/3) Orc:2        Vaults (4/5) D:13
  Crypt (0/3) Vaults:2     Depths (3/5) D:15         WizLab (visited)
Gauntlet (visited)

Altars:
Ashenzari
Cheibriados
Dithmenos
Elyvilon
Fedhas
Gozag
Hepliaklqana
Kikubaaqudgha
Makhleb
Nemelex Xobeh
Okawaru
Qazlal
Ru
Sif Muna
Trog
Uskayaw
Vehumet
Wu Jian
Xom
Yredelemnul
Zin
The Shining One
Beogh
Jiyva

Shops:
D:2 (   D:6 *   D:7 (   D:11 !   D:14 ?   D:15 [   Orc:2 *[=(*   Snake:2 *?
Snake:4 *   Vaults:1 *

Portals:
Hell: Lair:6 Depths:1 Depths:2
Abyss: Depths:1
Pandemonium: Depths:2 Depths:3


Innate Abilities, Weirdness & Mutations

You have a pair of horns on your head.
You reflexively headbutt those who attack you in melee.


Message History

You block the war gargoyle's attack.
You block the ironbound convoker's attack.
You block the war gargoyle's attack. The yaktaur barely misses you.
You block the war gargoyle's attack.
The ironbound beastmaster closely misses you.
You furiously retaliate!
You headbutt the ironbound beastmaster!
The ironbound convoker closely misses you.
You furiously retaliate!
You headbutt the ironbound convoker!! You block the yaktaur's attack.
The war gargoyle hits you with a +0 morningstar!
* * * LOW HITPOINT WARNING * * *
The war gargoyle hits you with a +0 great mace!!
* * * LOW HITPOINT WARNING * * *
You can now deal lightning-fast blows.
The war gargoyle hits you with a +0 morningstar.
* * * LOW HITPOINT WARNING * * *
You block the war gargoyle's attack.
You block the ironbound beastmaster's attack.
The ironbound convoker gestures at the ironbound beastmaster while chanting.
The ironbound beastmaster seems to grow stronger.
The yaktaur completely misses you.
The war gargoyle hits you with a +0 morningstar!
* * * LOW HITPOINT WARNING * * *
You block the war gargoyle's attack.
The ironbound beastmaster hits you with a +0 whip!!
* * * LOW HITPOINT WARNING * * *
You feel much better. You block the war gargoyle's attack.
The ironbound convoker points at the yaktaur and mumbles some strange words.
The yaktaur seems to grow stronger.
The yaktaur closely misses you. You block the war gargoyle's attack.
The war gargoyle hits you with a +0 morningstar!
* * * LOW HITPOINT WARNING * * *
The ironbound beastmaster misses you.
You block the ironbound convoker's attack.
The yaktaur barely misses you.
The war gargoyle hits you with a +0 great mace!!
* * * LOW HITPOINT WARNING * * *
The war gargoyle launches metal splinters at you.
The spray of metal splinters hits you!
You die...

####)..#.'.####.'.......#
##.).##.#......#.......#
##...###.########.......#
#)..###..# #..<.[..#
#..###...# #.......# ####
#...# #.......#
#+##############+###
.....................
......c)@.)..........
......)[p[...........
......9p9.......!....
.......T.............
.....................
.....................
.................
#################


You could see a deep troll (strong), an ironbound beastmaster (strong), 2 war
gargoyles, an ironbound convoker and a yaktaur (strong).

Vanquished Creatures
  Mara (Snake:4)
  Sojobo (Depths:1)
  Vashnia (Snake:4)
  Xtahua (Vaults:3)
  Nikola (D:15)
  3 golden dragons
  A tentacled monstrosity (Depths:2)
  5 liches
  2 titans (Depths:1)
  Asterion (Vaults:2)
  2 tentacled starspawn (WizLab)
  A storm dragon (Vaults:3)
  An eldritch tentacle (WizLab)
  The ghost of inmateoo the Fencer, an adept DsBe of Trog (Snake:4)
  A shadow dragon (Depths:2)
  5 frost giants
  15 nagarajas
  4 tengu reavers
  The ghost of Lepuefeh the Tortoise, a journeyman MiBe of Trog (Orc:1)
  9 fire giants
  2 deep elf sorcerers (Depths:2)
  3 orc warlords
  10 vault wardens
  Aizul (Snake:4)
  An angel (WizLab)
  Louise (Snake:3)
  The ghost of ketsa the Severer, a journeyman PaBe of Trog (Orc:1)
  13 stone giants
  10 very ugly things
  The ghost of astronautguy the Champion of Chaos, a journeyman GrMo of Makhleb (Orc:1)
  13 ironbound preservers
  3 vampire knights
  A starcursed mass (WizLab)
  The ghost of Kapsuk the Devastator, a journeyman DECj of Sif Muna (D:14)
  12 spark wasps
  Azrael (Snake:1)
  4 dire elephants
  A minotaur (Gauntlet)
  2 green deaths (Snake:1)
  The ghost of PeterMcNeter the Slicer, a journeyman VSFi of Uskayaw (Lair:6)
  A blizzard demon (Depths:2)
  13 ettins
  2 jiangshi (D:15)
  A deep elf high priest (Depths:2)
  2 great orbs of eyes
  7 fire dragons
  9 yaktaur captains
  3 ironbound thunderhulks
  Fannar (D:11)
  12 hydras
  5 rakshasas
  14 vault guards
  2 peacekeepers
  7 ice dragons
  5 salamander tyrants
  18 naga warriors
  2 boulder beetles
  5 spriggan air magi
  6 ironbound frosthearts
  Erica (Orc:1)
  An ice dragon (shapeshifter) (Depths:2)
  10 anacondas
  An ogre mage (D:14)
  18 centaur warriors
  11 two-headed ogres
  9 deep troll shamans
  A vampire mage (D:15)
  7 death yaks
  7 tengu warriors
  4 deep troll earth magi
  6 ironbound beastmasters
  A thrashing horror (WizLab)
  8 shock serpents
  26 naga sharpshooters
  5 spriggan berserkers
  4 orc high priests (Orc:2)
  A sun demon (Depths:2)
  6 hell knights
  2 sixfirhies
  53 deep trolls
  2 skeletal warriors (D:15)
  6 iron trolls
  6 salamander mystics
  7 sea snakes (Snake:3)
  A torturous demonspawn (Depths:2)
  11 naga ritualists
  10 wizards
  A swamp dragon (shapeshifter) (Depths:2)
  2 obsidian statues
  A sphinx zombie (D:15)
  2 glowing orange brains
  8 lindwurms
  A tengu zombie (D:15)
  Pikel (D:4)
  17 ironbound convokers
  2 phantasmal warriors
  5 necromancers
  6 mana vipers
  7 orc knights
  2 deep elf zephyrmancers (D:12)
  A harpy (shapeshifter) (D:15)
  5 harpies (Vaults:3)
  3 oklob plants
  4 cyclopes
  2 deep elf pyromancers
  23 salamanders
  4 orc sorcerers
  2 worldbinders (WizLab)
  10 elephants
  9 guardian serpents
  A manticore (D:14)
  41 ugly things
  A moth of wrath (shapeshifter) (Vaults:2)
  An apocalypse crab (WizLab)
  A stone giant skeleton (D:15)
  Maurice (Orc:1)
  17 vault sentinels
  3 torpor snails
  42 black mambas
  A rust devil (Depths:2)
  15 naga magi
  5 orange demons
  5 cane toads
  Maggie (D:10)
  5 rime drakes
  A torpor snail (shapeshifter) (Depths:2)
  2 demonspawn skeletons (WizLab)
  A kobold demonologist (D:11)
  A freezing wraith (WizLab)
  7 komodo dragons
  2 ancient zymes (WizLab)
  4 tengu conjurers
  28 yaktaurs
  An efreet (WizLab)
  5 red devils
  An ice devil (Depths:2)
  A demonic crawler (WizLab)
  A merfolk (D:9)
  4 hellwings
  7 trolls
  3 polar bears
  A raiju (Gauntlet)
  2 hornets
  A deep troll zombie (D:15)
  Grinder (D:4)
  22 blink frogs
  30 slime creatures
  A centaur simulacrum (D:14)
  Sigmund (D:3)
  3 spriggans
  4 water elementals
  A shadow (D:12)
  A vampire (D:13)
  3 fire elementals
  44 yaks
  A wraith (D:14)
  4 wyverns
  6 basilisks
  6 vampire mosquitoes
  3 steam dragons
  Menkaure (D:7)
  8 spatial vortices (WizLab)
  Edmund (D:5)
  7 hell hounds
  4 wargs
  47 nagas
  2 acid dragons
  A small abomination (WizLab)
  A floating eye (Depths:2)
  Duvessa (D:5)
  20 water moccasins
  29 orc warriors
  6 black bears
  9 ogres
  3 boggarts (Vaults:1)
  A necrophage (D:5)
  32 wolves
  15 centaurs
  2 kobold brigands (D:11)
  A phantom (D:6)
  A wyvern zombie (D:6)
  12 bullfrogs
  Dowan (D:5)
  10 killer bees (D:10)
  A howler monkey (D:6)
  8 wights
  11 electric eels
  4 centaur zombies
  6 hounds
  A jelly (D:4)
  23 orc priests
  Crazy Yiuf (D:5)
  3 bullfrog skeletons (D:6)
  Natasha (thrice) (D:3 D:2)
  Terence (D:3)
  A scorpion zombie (D:5)
  2 iguanas
  26 orc wizards
  A killer bee zombie (D:9)
  2 howler monkey zombies
  Robin (D:3)
  6 adders
  4 gnolls (D:4)
  A howler monkey skeleton (D:7)
  A white imp (D:5)
  An ufetubus (D:6)
  A worm (D:10)
  55 orcs
  5 bats (D:1)
  An endoplasm (D:1)
  A giant cockroach (D:4)
  16 goblins
  12 hobgoblins
  8 kobolds
  3 quokkas
  8 ball pythons
  5 frilled lizards
  4 rats (D:1)
  A starspawn tentacle (WizLab)
1384 creatures vanquished.

Vanquished Creatures (others)
  A nagaraja (Snake:4)
  A naga mage (Snake:4)
  A bush (Lair:6)
  20 fungi
  39 plants
  7 starspawn tentacles (WizLab)
  5 withered plants (D:15)
74 creatures vanquished.

Grand Total: 1458 creatures vanquished

Notes
Turn   | Place    | Note
-------+----------+-------------------------------------------
     0 | D:1      | wakim the Minotaur Fighter began the quest for the Orb.
     0 | D:1      | Reached XP level 1. HP: 19/19 MP: 0/0
   303 | D:1      | Reached XP level 2. HP: 27/27 MP: 1/1
   574 | D:1      | Found a faded altar of an unknown god.
  1029 | D:1      | Reached skill level 4 in Armour
  1029 | D:1      | Reached XP level 3. HP: 27/33 MP: 2/2
  1124 | D:2      | Found Igitil's Antique Weapon Emporium.
  1926 | D:3      | Noticed Natasha
  1995 | D:3      | Killed Natasha
  1996 | D:3      | Reached XP level 4. HP: 26/40 MP: 3/3
  2147 | D:3      | Noticed Natasha
  2153 | D:3      | Noticed Terence
  2169 | D:2      | Killed Natasha
  2300 | D:2      | Noticed Natasha
  2306 | D:2      | Killed Natasha
  2431 | D:3      | Noticed Sigmund
  2580 | D:3      | Reached XP level 5. HP: 40/47 MP: 4/4
  2857 | D:3      | Killed Terence
  2858 | D:3      | Noticed Robin
  3096 | D:3      | Killed Robin
  3243 | D:3      | Killed Sigmund
  3244 | D:3      | Reached skill level 5 in Fighting
  3244 | D:3      | Reached skill level 5 in Maces & Flails
  3244 | D:3      | Reached skill level 5 in Armour
  3244 | D:3      | Reached skill level 5 in Shields
  3244 | D:3      | Reached XP level 6. HP: 27/56 MP: 5/5
  3797 | D:4      | Found a bloodstained altar of Trog.
  4110 | D:4      | Noticed Grinder
  4168 | D:4      | Reached XP level 7. HP: 57/61 MP: 6/6
  4377 | D:4      | Paralysed by Grinder for 7 turns
  4385 | D:4      | Killed Grinder
  4559 | D:5      | Entered Level 5 of the Dungeon
  4559 | D:5      | Noticed Duvessa
  4559 | D:5      | Noticed Dowan
  4702 | D:5      | Killed Duvessa
  4704 | D:5      | Killed Dowan
  4705 | D:5      | Reached skill level 6 in Armour
  4900 | D:5      | Noticed Pikel
  4927 | D:4      | Killed Pikel
  4928 | D:4      | Reached XP level 8. HP: 51/71 MP: 7/7
  5382 | D:5      | Noticed Edmund
  5395 | D:5      | Killed Edmund
  5697 | D:5      | Reached skill level 7 in Armour
  5805 | D:5      | Found a runed translucent door.
  5806 | D:5      | Noticed Crazy Yiuf
  5998 | D:5      | Found a staircase to the Ecumenical Temple.
  6122 | Temple   | Entered the Ecumenical Temple
  6185 | Temple   | Became a worshipper of Warmaster Okawaru
  6343 | D:5      | Killed Crazy Yiuf
  6461 | D:6      | Found Goufori's General Store.
  6466 | D:6      | Reached XP level 9. HP: 79/79 MP: 8/8
  6935 | D:6      | Reached * piety under Okawaru
  7040 | D:6      | Found a hide-covered altar of Uskayaw.
  7570 | D:7      | Reached skill level 10 in Maces & Flails
  7859 | D:7      | Found Samiwih's Firing Range.
  7875 | D:7      | Reached skill level 8 in Armour
  7928 | D:7      | Found a broken altar of Ashenzari.
  7947 | D:7      | Reached ** piety under Okawaru
  8100 | D:7      | Noticed Menkaure
  8104 | D:7      | Killed Menkaure
  8302 | D:7      | Reached XP level 10. HP: 66/88 MP: 9/9
  8475 | D:7      | Identified a scroll of acquirement
  8475 | D:7      | Acquired a +0 hat of willpower
  8982 | D:8      | Noticed a two-headed ogre
  8991 | D:8      | Killed a two-headed ogre
  8991 | D:8      | Reached *** piety under Okawaru
  8992 | D:8      | Reached skill level 10 in Shields
  9503 | D:8      | Noticed a two-headed ogre
  9629 | D:8      | Killed a two-headed ogre
  9909 | D:8      | Reached skill level 9 in Armour
  9990 | D:8      | Found a staircase to the Lair.
 10238 | D:9      | Paralysed by a hornet for 3 turns
 10243 | D:9      | Paralysed by a hornet for 3 turns
 10248 | D:9      | Reached **** piety under Okawaru
 10334 | D:9      | Found a shadowy altar of Dithmenos.
 10334 | D:9      | Found a radiant altar of Vehumet.
 10342 | D:9      | Identified the +12 rapier "Newtslayer" {freeze, *Slow rElec
                  | Int+3}
 10849 | D:9      | Identified the -4 pair of gloves of Qeuqemmu {rElec rF+
                  | rCorr Int-4}
 10973 | D:9      | You fall into a shaft and drop 3 floors!
 10992 | D:12     | Noticed a two-headed ogre
 10994 | D:12     | You fall into a shaft and drop 1 floor!
 11036 | D:13     | Noticed a centaur warrior
 11044 | D:13     | Killed a centaur warrior
 11044 | D:13     | Received a gift from Okawaru
 11045 | D:13     | Reached XP level 11. HP: 81/97 MP: 10/10
 11233 | D:13     | Noticed a vault guard
 11233 | D:13     | Noticed a vault guard
 11233 | D:13     | Noticed a vault guard
 11234 | D:13     | Found a gate to the Vaults.
 11234 | D:13     | Noticed a vault guard
 11234 | D:13     | Noticed a vault guard
 11234 | D:13     | Noticed a vault guard
 11234 | D:13     | Noticed a vault guard
 11235 | D:13     | Noticed a vault guard
 11287 | D:13     | Noticed a boulder beetle
 11323 | D:12     | Noticed a two-headed ogre
 11323 | D:12     | Noticed a brown ugly thing
 11331 | D:12     | Killed a two-headed ogre
 11331 | D:12     | Reached ***** piety under Okawaru
 11334 | D:12     | Killed a brown ugly thing
 11355 | D:12     | Found a gate leading to a gauntlet.
 11362 | Gauntlet | Entered a Gauntlet
 11362 | Gauntlet | Found a transporter.
 11362 | Gauntlet | Found a transporter.
 11447 | Gauntlet | Found a transporter.
 11449 | Gauntlet | Found a transporter.
 11449 | Gauntlet | Found a transporter.
 11451 | Gauntlet | Found a transporter.
 11455 | Gauntlet | Found a runed translucent door.
 11457 | Gauntlet | Found a runed translucent door.
 11459 | Gauntlet | Found a transporter.
 11459 | Gauntlet | Noticed a shining eye
 11460 | Gauntlet | Found a transporter.
 11461 | Gauntlet | Found a transporter.
 11462 | Gauntlet | Found a transporter.
 11464 | Gauntlet | Noticed a death scarab
 11464 | Gauntlet | Noticed an oklob plant
 11464 | Gauntlet | Noticed a death yak
 11466 | Gauntlet | Noticed a death yak
 11466 | Gauntlet | Noticed a death scarab
 11466 | Gauntlet | Noticed a death yak
 11470 | Gauntlet | Found a transporter.
 11471 | Gauntlet | Found a transporter.
 11747 | Gauntlet | Killed an oklob plant
 11871 | Gauntlet | Killed a death yak
 11878 | Gauntlet | Killed a death yak
 11887 | Gauntlet | Reached skill level 10 in Armour
 11897 | Gauntlet | Killed a death yak
 11898 | Gauntlet | Reached skill level 10 in Fighting
 12198 | Gauntlet | Noticed a minotaur
 12216 | Gauntlet | Killed a minotaur
 12599 | D:12     | Identified the +3 buckler of the Big Bang {Will+ Dex+4
                  | Slay-4} (Okawaru gifted it to you on level 12 of the
                  | Dungeon)
 12599 | D:12     | Received a gift from Okawaru
 12698 | D:12     | Noticed a seven-headed hydra
 12713 | D:12     | Killed a seven-headed hydra
 12714 | D:12     | Reached skill level 1 in Dodging
 12717 | D:12     | Killed a two-headed ogre
 12717 | D:12     | Reached ****** piety under Okawaru
 12870 | D:12     | Noticed a boulder beetle
 12893 | D:12     | Killed a boulder beetle
 12894 | D:12     | Reached XP level 12. HP: 65/107 MP: 11/11
 13619 | D:11     | Noticed a two-headed ogre
 13626 | D:11     | Killed a two-headed ogre
 13688 | D:10     | Entered Level 10 of the Dungeon
 13702 | D:10     | Found a staircase to the Orcish Mines.
 13813 | D:10     | Found a snail-covered altar of Cheibriados.
 14108 | Lair:1   | Entered Level 1 of the Lair of Beasts
 15121 | Lair:1   | Reached skill level 11 in Armour
 15768 | Lair:2   | Received a gift from Okawaru
 16691 | Lair:2   | Reached skill level 1 in Invocations
 16691 | Lair:2   | Reached skill level 1 in Evocations
 16959 | Lair:3   | Noticed a seven-headed hydra
 16974 | Lair:2   | Killed a seven-headed hydra
 17163 | Lair:3   | Reached XP level 13. HP: 111/116 MP: 13/13
 17347 | Lair:3   | Found a staircase to the Shoals.
 17379 | Lair:3   | Found a staircase to the Snake Pit.
 17639 | Lair:3   | Reached skill level 15 in Maces & Flails
 17842 | Lair:3   | Identified the +3 eveningstar of Leqatuompi {vorpal, rN+}
                  | (Okawaru gifted it to you on level 3 of the Lair of Beasts)
 17842 | Lair:3   | Received a gift from Okawaru
 17843 | Lair:3   | Reached skill level 5 in Dodging
 18873 | Lair:5   | Reached skill level 1 in Throwing
 19241 | Lair:5   | You fall into a shaft and drop 1 floor!
 19241 | Lair:6   | Entered Level 6 of the Lair of Beasts
 19657 | Lair:5   | Reached skill level 12 in Armour
 19803 | Lair:5   | Received a gift from Okawaru
 20916 | Lair:6   | Found a staircase to the Slime Pits.
 20917 | Lair:6   | Found a viscous altar of Jiyva.
 20965 | Lair:6   | Reached XP level 14. HP: 99/126 MP: 13/15
 20983 | Lair:6   | Reached skill level 15 in Shields
 20998 | Lair:6   | Received a gift from Okawaru
 21497 | Lair:6   | Found a large runed translucent door.
 21497 | Lair:6   | Found a large runed translucent door.
 21502 | Lair:6   | Noticed PeterMcNeter's ghost (journeyman VSFi)
 21527 | Lair:6   | Found the +3 pair of seven-league boots {Rampage+∞}
 21533 | Lair:6   | Identified the +5 plate armour "Porah" {-Cast *Corrode
                  | rF+++ Regen+} (Okawaru gifted it to you on level 6 of the
                  | Lair of Beasts)
 21533 | Lair:6   | Received a gift from Okawaru
 21800 | Lair:6   | Reached skill level 5 in Invocations
 22016 | Lair:6   | Found a burning altar of Makhleb.
 22093 | Lair:6   | Reached skill level 5 in Evocations
 22147 | Lair:6   | Found a gateway to Hell.
 22267 | Lair:6   | Killed PeterMcNeter's ghost
 22268 | Lair:6   | Reached skill level 5 in Throwing
 22788 | D:10     | Noticed Maggie
 22792 | D:10     | Killed Maggie
 22885 | D:10     | Found an opulent altar of Gozag.
 23015 | D:10     | Identified the +3 mace "Tidebbuulo" {flame, rC+ Stlth+}
 23385 | D:10     | Found a glowing golden altar of the Shining One.
 23387 | D:10     | Noticed an angel
 23394 | D:10     | Found a basalt altar of Yredelemnul.
 23396 | D:10     | Noticed a profane servitor
 23464 | D:10     | Found a white marble altar of Elyvilon.
 23467 | D:10     | Found a sacrificial altar of Ru.
 23470 | D:10     | Found a shimmering altar of Xom.
 23577 | D:11     | Found Xeit's Distillery.
 23898 | D:11     | Noticed Fannar
 23912 | D:11     | Killed Fannar
 23997 | D:11     | Received a gift from Okawaru
 24933 | D:13     | Received a gift from Okawaru
 25317 | D:14     | Found Sisub's Magic Scroll Shop.
 25332 | D:14     | Found a runed translucent gate.
 25332 | D:14     | Found a runed translucent gate.
 25335 | D:14     | Found an ancient bone altar of Kikubaaqudgha.
 25336 | D:14     | Noticed a lich
 25336 | D:14     | Noticed a lich
 25336 | D:14     | Noticed a lich
 25337 | D:14     | Found a runed translucent gate.
 25337 | D:14     | Noticed Kapsuk's ghost (journeyman DECj)
 25337 | D:14     | Noticed a lich
 25387 | D:14     | Reached XP level 15. HP: 132/132 MP: 19/19
 25764 | D:14     | Received a gift from Okawaru
 26016 | D:14     | Received a gift from Okawaru
 26266 | D:14     | Killed a lich
 26275 | D:14     | Killed a lich
 26275 | D:14     | Received a gift from Okawaru
 26282 | D:14     | Killed a lich
 26292 | D:14     | Killed a lich
 26292 | D:14     | Received a gift from Okawaru
 26301 | D:14     | Killed Kapsuk's ghost
 26301 | D:14     | Received a gift from Okawaru
 26342 | D:14     | Identified the +2 cloak "Vuysudist" {Int+4}
 26359 | D:14     | Identified the ring of Emacashre {rF- rC+ Will++ Dex+6
                  | Stlth+}
 26375 | D:15     | Entered Level 15 of the Dungeon
 26594 | D:15     | Found a staircase to the Depths.
 26722 | D:15     | Found Mippenwo's Antique Armour Shop.
 26724 | D:15     | Received a gift from Okawaru
 26739 | D:15     | Bought a bloodstained kite shield for 171 gold pieces
 26739 | D:15     | Identified the +4 kite shield of Follow the Leader {*Slow
                  | rF+ rC+ Slay+3} (You bought it in a shop on level 15 of the
                  | Dungeon)
 27835 | Orc:1    | Entered Level 1 of the Orcish Mines
 27915 | Orc:1    | Noticed Maurice
 27929 | Orc:1    | Killed Maurice
 27929 | Orc:1    | Received a gift from Okawaru
 28033 | Orc:1    | Noticed Erica
 28041 | Orc:1    | Killed Erica
 28226 | Orc:2    | Entered Level 2 of the Orcish Mines
 28321 | Orc:1    | Found a runed translucent gate.
 28322 | Orc:1    | Found a runed translucent gate.
 28322 | Orc:1    | Found a runed translucent gate.
 28333 | Orc:1    | Noticed ketsa's ghost (journeyman PaBe)
 28333 | Orc:1    | Noticed astronautguy's ghost (journeyman GrMo)
 28333 | Orc:1    | Noticed Lepuefeh's ghost (journeyman MiBe)
 28502 | Orc:1    | Killed astronautguy's ghost
 28503 | Orc:1    | Reached XP level 16. HP: 130/139 MP: 22/22
 28554 | Orc:1    | Killed Lepuefeh's ghost
 28555 | Orc:1    | Reached skill level 10 in Invocations
 28564 | Orc:1    | Killed ketsa's ghost
 28581 | Orc:1    | Got Qusourph's Catalogue of Poisoning and Stones
 28964 | Orc:2    | Found a staircase to the Elven Halls.
 28998 | Orc:2    | Found Unkisch's CLEARANCE SALE! EVERYTHING MUST GO!.
 29008 | Orc:2    | Bought a potion of curing for 12 gold pieces
 29008 | Orc:2    | Bought a potion of cancellation for 32 gold pieces
 29086 | Orc:2    | Found Qadameho's Jewellery Shop.
 29157 | Orc:2    | Reached skill level 10 in Throwing
 29200 | Orc:2    | Reached skill level 13 in Armour
 29270 | Orc:2    | Found Rikkoqim's General Store.
 29274 | Orc:2    | Found Decemix's Antique Armour Shop.
 29279 | Orc:2    | Identified the +0 pair of gloves of Joinupt {Harm Drain
                  | Dex+6} (Okawaru gifted it to you on level 2 of the Orcish
                  | Mines)
 29279 | Orc:2    | Received a gift from Okawaru
 29316 | Orc:2    | Found Loiguyf's Antique Weapon Shop.
 29339 | Orc:2    | Bought the ring of Tiray {rElec rC+} for 429 gold pieces
 29394 | Orc:2    | Bought a potion of curing for 30 gold pieces
 29394 | Orc:2    | Bought a scroll of holy word for 75 gold pieces
 29394 | Orc:2    | Bought a scroll of teleportation for 30 gold pieces
 29840 | Depths:1 | Entered Level 1 of the Depths
 29840 | Depths:1 | Noticed Nikola
 29841 | Depths:1 | Found a one-way gate to the infinite horrors of the Abyss.
 29846 | Depths:1 | Noticed a tengu reaver
 29863 | D:15     | Killed Nikola
 29956 | D:15     | Killed a tengu reaver
 30315 | D:15     | Received a gift from Okawaru
 30329 | D:15     | Received a gift from Okawaru
 30404 | Depths:1 | Reached skill level 14 in Armour
 30467 | Depths:1 | Identified the +10 mace "Zijupp" {flame, rC+}
 30477 | Depths:1 | Found a bloodstained altar of Trog.
 30488 | Depths:1 | Noticed a tengu reaver
 30489 | Depths:1 | Noticed Sojobo
 30523 | Depths:1 | Killed a tengu reaver
 30572 | Depths:1 | Killed Sojobo
 30573 | Depths:1 | Reached XP level 17. HP: 105/150 MP: 17/24
 30800 | Depths:1 | Noticed a titan
 30800 | Depths:1 | Noticed a titan
 30814 | Depths:1 | Killed a titan
 30814 | Depths:1 | Received a gift from Okawaru
 30823 | Depths:1 | Killed a titan
 30823 | Depths:1 | Identified the +2 buckler of the Countless Tales {Harm
                  | rPois rF-} (Okawaru gifted it to you on level 1 of the
                  | Depths)
 30823 | Depths:1 | Received a gift from Okawaru
 30824 | Depths:1 | Reached skill level 10 in Dodging
 30843 | Depths:1 | Identified the +7 great sword of the Omega Point {vorpal,
                  | rC+ Str+2 Int+3 Dex-5}
 31027 | Depths:1 | Reached skill level 15 in Armour
 31071 | Depths:1 | Noticed a golden dragon
 31088 | Depths:1 | Killed a golden dragon
 31577 | Depths:1 | You fall into a shaft and drop 1 floor!
 31783 | Depths:2 | Received a gift from Okawaru
 31803 | Depths:2 | Noticed a lich
 31816 | Depths:2 | Killed a lich
 32376 | Depths:2 | Noticed a tentacled monstrosity
 32387 | Depths:2 | Identified the +10 great mace of Paetorr {freeze, rC+}
 32405 | Depths:2 | Killed a tentacled monstrosity
 32405 | Depths:2 | Received a gift from Okawaru
 32411 | Depths:2 | Reached skill level 16 in Armour
 32473 | Depths:2 | Identified the +5 short sword of Equivalence {venom, Dex+3}
 32524 | Depths:2 | Reached XP level 18. HP: 134/160 MP: 25/25
 32635 | Depths:2 | Paralysed by a floating eye for 3 turns
 32678 | Depths:2 | Received a gift from Okawaru
 32695 | Depths:2 | Received a gift from Okawaru
 32696 | Depths:2 | Found the +27 Lear's hauberk
 32831 | Depths:2 | Noticed a golden dragon
 32842 | Depths:2 | Killed a golden dragon
 32942 | Depths:2 | Reached skill level 17 in Armour
 33649 | Depths:2 | Received a gift from Okawaru
 34398 | Depths:2 | Reached skill level 15 in Fighting
 34726 | Depths:2 | You fall into a shaft and drop 1 floor!
 34766 | Depths:2 | Found a one-way gate leading to the halls of Pandemonium.
 35362 | Depths:3 | Found a magical portal.
 35369 | WizLab   | Entered The Roulette of Golubria
 35369 | WizLab   | Found a transporter.
 35525 | WizLab   | Found a corrupted altar of Lugonu.
 35647 | WizLab   | Found a transporter.
 35654 | WizLab   | Found a transporter.
 35704 | WizLab   | Found a transporter.
 35744 | WizLab   | Found a corrupted altar of Lugonu.
 35750 | WizLab   | Found a transporter.
 35782 | WizLab   | Found a transporter.
 35833 | WizLab   | Found a transporter.
 35920 | WizLab   | Found a transporter.
 35957 | WizLab   | Found a transporter.
 35957 | WizLab   | Found a transporter.
 36089 | WizLab   | Found a transporter.
 36107 | WizLab   | Received a gift from Okawaru
 36108 | WizLab   | Reached XP level 19. HP: 132/170 MP: 25/27
 36224 | WizLab   | Found a transporter.
 36236 | WizLab   | Reached skill level 18 in Armour
 36386 | WizLab   | Found a transporter.
 36442 | WizLab   | Identified the +0 cloak of Liberalism {rPois Str+4 SInv}
 36462 | WizLab   | Found a transporter.
 36462 | WizLab   | Found a transporter.
 36516 | WizLab   | Found a transporter.
 36516 | WizLab   | Found a transporter.
 36546 | WizLab   | Found a transporter.
 36573 | WizLab   | Found a corrupted altar of Lugonu.
 36574 | WizLab   | Found a transporter.
 36574 | WizLab   | Found a transporter.
 36907 | Depths:3 | Received a gift from Okawaru
 37222 | Snake:1  | Entered Level 1 of the Snake Pit
 37253 | Snake:1  | Received a gift from Okawaru
 37304 | Snake:1  | Found a runed translucent door.
 37325 | Snake:1  | Received a gift from Okawaru
 37485 | Snake:1  | Identified the +5 pair of gloves of Insatiable Hunger {Fly
                  | rElec rC+} (Okawaru gifted it to you on level 1 of the
                  | Snake Pit)
 37485 | Snake:1  | Received a gift from Okawaru
 37982 | Snake:1  | Reached skill level 19 in Armour
 38028 | Snake:2  | Noticed Azrael
 38074 | Snake:1  | Killed Azrael
 38115 | Snake:2  | You are sucked into a shaft and drop 1 floor!
 38464 | Snake:2  | Received a gift from Okawaru
 38528 | Snake:2  | Reached XP level 20. HP: 182/182 MP: 29/29
 38592 | Snake:2  | Found Vibanne's Assorted Antiques.
 38598 | Snake:2  | Found Haenuth's Magic Scroll Emporium.
 38605 | Snake:2  | Bought a scroll of magic mapping for 56 gold pieces
 38605 | Snake:2  | Bought a scroll of blinking for 120 gold pieces
 38605 | Snake:2  | Bought a scroll of teleportation for 48 gold pieces
 39682 | Snake:3  | Noticed Louise
 39693 | Snake:3  | Killed Louise
 40051 | Snake:3  | Identified the +8 hand axe of Red Punishment {holy, Int+5}
 40112 | Snake:4  | Entered Level 4 of the Snake Pit
 40113 | Snake:4  | Noticed Aizul
 40113 | Snake:4  | Noticed Vashnia
 40127 | Snake:4  | Killed Aizul
 40152 | Snake:4  | Killed Vashnia
 40218 | Snake:4  | Received a gift from Okawaru
 40308 | Snake:4  | Received a gift from Okawaru
 40411 | Snake:4  | Noticed Mara
 40414 | Snake:4  | Noticed wakim's illusion
 40428 | Snake:4  | Killed Mara
 40438 | Snake:4  | Received a gift from Okawaru
 40758 | Snake:4  | Received a gift from Okawaru
 40800 | Snake:4  | Received a gift from Okawaru
 40875 | Snake:4  | Got a serpentine rune of Zot
 41068 | Snake:4  | Received a gift from Okawaru
 41365 | Snake:4  | Found a runed translucent gate.
 41366 | Snake:4  | Found a runed translucent gate.
 41367 | Snake:4  | Found an opulent altar of Gozag.
 41367 | Snake:4  | Found a runed translucent gate.
 41368 | Snake:4  | Noticed inmateoo's ghost (adept DsBe)
 41371 | Snake:4  | Found Qaguplad's Assorted Antiques.
 41408 | Snake:4  | Received a gift from Okawaru
 41423 | Snake:4  | Acquired the ring of Laxzin {*Slow rF+ rN++ Str+6 Stlth+}
 41518 | Snake:4  | Killed inmateoo's ghost
 41550 | Snake:4  | Reached XP level 21. HP: 187/191 MP: 30/30
 41853 | Vaults:1 | Entered Level 1 of the Vaults
 41886 | Vaults:1 | Found Emizupoe's Assorted Antiques.
 41898 | Vaults:1 | Reached skill level 20 in Armour
 41938 | Vaults:1 | Bought a scroll labelled CECAPI YMUA for 24 gold pieces
 42301 | Vaults:1 | Received a gift from Okawaru
 43448 | Vaults:1 | Received a gift from Okawaru
 44397 | Vaults:2 | Found a staircase to the Crypt.
 44397 | Vaults:2 | Found a basalt altar of Yredelemnul.
 44397 | Vaults:2 | Found an ancient bone altar of Kikubaaqudgha.
 44663 | Vaults:2 | Noticed Asterion
 44678 | Vaults:2 | Killed Asterion
 45148 | Vaults:2 | Received a gift from Okawaru
 45431 | Snake:2  | Bought a scroll of enchant weapon for 120 gold pieces
 45431 | Snake:2  | Bought a scroll of enchant weapon for 120 gold pieces
 45435 | Snake:2  | Bought a scroll of enchant armour for 322 gold pieces
 45648 | D:11     | Bought a potion of haste for 150 gold pieces
 45648 | D:11     | Bought a potion of heal wounds for 75 gold pieces
 45648 | D:11     | Bought a potion of heal wounds for 75 gold pieces
 45648 | D:11     | Bought a potion of curing for 45 gold pieces
 45648 | D:11     | Bought a potion of invisibility for 120 gold pieces
 45648 | D:11     | Bought a potion of curing for 45 gold pieces
 45865 | Vaults:2 | Received a gift from Okawaru
 46048 | Vaults:2 | Identified the +3 chain mail "Fuficut" {Rampage rF- Will+}
 46472 | Vaults:3 | Reached XP level 22. HP: 186/202 MP: 31/31
 46539 | Vaults:3 | Noticed Xtahua
 46549 | Vaults:3 | Killed Xtahua
 47267 | Vaults:3 | Noticed a golden dragon
 47275 | Vaults:3 | Killed a golden dragon
 47319 | Vaults:3 | Received a gift from Okawaru
 47647 | Vaults:3 | Reached skill level 21 in Armour
 47647 | Vaults:3 | Reached XP level 23. HP: 211/211 MP: 31/33
 48639 | Vaults:4 | Received a gift from Okawaru
 48652 | Vaults:4 | HP: 1/211 [war gargoyle[a peacekeeper] (30)]
 48653 | Vaults:4 | Killed from afar by a war gargoyle

Illustrated notes

Levels and vault maps discovered:
D:1:      dpeg_arrival_rhombus, layout_basic,
          chequers_ecumenical_altar_simple_redux
D:2:      cheibrodos_greedy_goblins, layout_basic, serial_shops, shop_fountains
D:3:      layout_loops_cross, uniq_robin, uniq_terence, uniq_natasha,
          uniq_sigmund
D:4:      layout_rooms, mainiacjoe_overflow_tiny_flanked, uniq_grinder
D:5:      layout_loops_ring, temple_hall, chequers_arboretum,
          minmay_misc_feat_square, st_stairs_4, skrybe_limestone_x, uniq_pikel,
          uniq_crazy_yiuf_cottage, uniq_duvessa, uniq_edmund
D:6:      layout_rooms, eat_drink_and_be_merry_uskayaw, serial_shops,
          nicolae_shop_crystal
D:7:      layout_rooms, mainiacjoe_overflow_alcove_1, minivault_14,
          nicolae_shop_firing_range, uniq_menkaure
D:8:      layout_rooms, erik_lair_island
D:9:      layout_irregular_city, grunt_temple_overflow_open, hangedman_fish_farm
D:10:     layout_loops_ring, grunt_temple_overflow_holy_war, slow_altar_1,
          mainiacjoe_overflow_six_doors_small, grunt_temple_overflow_diamond,
          david_orc_3, grunt_decor_cap, bh_walls_and_bars, uniq_maggie
D:11:     layout_roguey, serial_shops, shop_coins, uniq_fannar
D:12:     layout_cave_pools, gauntlet_entry_generic, billiards_dpeg
D:13:     layout_basic, erik_vaults_2, kennysheep_nub
D:14:     layout_roguey, gammafunk_ghost_crypt, serial_shops,
          nicolae_stop_n_shop_1, hangedman_glass_teeth, serial_bayou_lagoon_b
D:15:     gammafunk_depths_entry_grave, layout_basic, serial_shops, shop
Temple:   cyrus_temple_forest
Lair:1:   layout_regular_city, minivault_26, infiniplex_staircase_pool_2,
          serial_bayou_shore_a, minmay_lair_oklob_chamber
Lair:2:   layout_concentric_octagons, disabler_island
Lair:3:   layout_chaotic_city, elwin_shoals_entry_rocks, dummy_snake_entry,
          ldierk_geyser, grunt_megastairs_1
Lair:4:   layout_small_grid, infiniplex_staircase_pool
Lair:5:   layout_long_grid, minmay_hedge_maze, st_stairs_4, forest_entry_grove,
          grunt_megastairs_3
Lair:6:   evil_forest, layout_gridlike, slime_altar_1,
          ebering_ghost_disaster_area, portal_ice_cave_entry_pillars_1
Snake:1:  cheibrodos_toxic_ritual, layout_rooms, nicolae_snake_lava_pool,
          grunt_megastairs_5
Snake:2:  layout_misc_corridors, minmay_shop_star, uniq_azrael
Snake:3:  minmay_snake_river, layout_rooms, uniq_louise
Snake:4:  grunt_snake_rune_spirals, layout_onion_interference,
          ebering_ghost_gozag, nicolae_snake_salamander_fort,
          serial_bayou_shore_b, uniq_aizul, uniq_vashnia, uniq_mara
Orc:1:    layout_caves, gammafunk_ghost_cemetery, nicolae_orc_stony_grotto,
          nicolae_orc_damp_corner, uniq_erica, uniq_maurice
Orc:2:    grunt_orc_cross, layout_diamond_mine, nicolae_orc_bridge_out,
          nicolae_shop_clearance
Vaults:1: nicolae_vaults_little_squares_2, v_misc_27, nicolae_vaults_big_ls,
          v_misc_8, nicolae_vaults_little_squares_6, hangedman_vaults_stitches,
          layout_vaults_chaotic_city, serial_shops,
          nicolae_shop_overgrown_old_shop
Vaults:2: minmay_crypt_entry_necro_gods, dpeg_vaults_waves,
          ontoclasm_vaults_hangar, v_misc_11, vaults_dpeg_ring, v_misc_15,
          vaults_room_door_ring, nicolae_vaults_little_squares_3, v_rooms_3,
          ontoclasm_vaults_chip, grunt_vaults_diagonal,
          vaults_mumra_minichess_inversion, nicolae_vaults_rhombus_6,
          layout_vaults_omnibox, uniq_margery, uniq_asterion
Vaults:3: nicolae_vaults_little_squares_5, v_alt_pattern_6, st_eye,
          nicolae_vaults_little_squares_5, nicolae_vaults_network_periphery,
          vaults_standard_mumra_enter_the_diamond, vaults_room_door_hall,
          nicolae_vaults_alarming, layout_vaults_omnigrid, uniq_xtahua
Vaults:4: nicolae_vaults_three_branches, ontoclasm_vaults_chip,
          nicolae_vaults_little_squares_3, vaults_mumra_lcd,
          ontoclasm_vaults_chip, vaults_standard_mumra_lines,
          vaults_room_semicircle, vaults_room_mumra_shop_pool,
          vaults_room_fours, v_misc_16, vaults_room_ringed_pool,
          hangedman_vaults_hat, vaults_dpeg_encased_lava,
          layout_vaults_omnicross
Depths:1: layout_cross, hell_entry, trog_three_pillars_becter, abyss_entry,
          minmay_swirly_circle, roderic_lattice_octagonal_star, uniq_nikola,
          uniq_sojobo
Depths:2: grunt_twisty_corner, layout_basic, kennysheep_donut, hell_entry,
          grunt_pan_entry_in_and_out, grunt_megastairs_2,
          infiniplex_staircase_hallway_doors
Depths:3: kennysheep_oblong_rooms, layout_gridlike, enter_ziggurat_c,
          hell_entry, pan_entry, mu_enter_wizlab_6, wad_floor_pattern_untrapped,
          nicolae_ru_the_path_less_chosen, minmay_shop_grove

Skill      XL: |  1  2  3  4  5  6  7  8  9 10 11 12 13 14 15 16 17 18 19 20 21 22 23 |
---------------+----------------------------------------------------------------------+-----
Maces & Flails | 3 4 5 6 8 9 10 12 13 14 15 16 17 18 | 18.8
Armour         | 4 5 6 7 8 9 10 11 12 14 16 17 19 20 21 | 21.1
Shields        | 4 5 6 7 9 11 12 14 15 16 17 18 | 18.0
Fighting       | 4 5 6 7 8 9 10 11 12 13 14 15 16 17 18 | 18.8
Dodging        | 1 4 6 8 9 11 12 13 | 13.7
Invocations    | 1 3 7 9 11 12 13 14 | 14.8
Evocations     | 1 3 6 8 |  8.0
Throwing       | 3 6 9 10 11 12 13 14 | 14.6

Action                   |  1- 3 |  4- 6 |  7- 9 | 10-12 | 13-15 | 16-18 | 19-21 | 22-24 || total
-------------------------+-------+-------+-------+-------+-------+-------+-------+-------++-------
Melee: Flail             |    99 |   101 |   194 |   476 |    13 |       |       |       ||   883
       Headbutt          |    14 |    16 |    48 |   118 |   286 |   567 |   678 |   117 ||  1844
       Whip              |       |       |    43 |       |       |       |       |       ||    43
       Eveningstar       |       |       |       |       |   568 |       |       |       ||   568
       Morningstar       |       |       |       |       |    90 |       |       |       ||    90
       Demon whip        |       |       |       |       |   555 |  1483 |  1872 |   258 ||  4168
Throw: Dart              |       |     4 |       |     2 |       |       |       |       ||     6
       Boomerang         |       |       |       |       |       |       |     4 |       ||     4
Invok: Heroism           |       |       |       |       |     5 |    10 |    11 |     3 ||    29
       Finesse           |       |       |       |       |       |     8 |     2 |     2 ||    12
Evoke: Wand              |       |       |       |     5 |     1 |       |       |       ||     6
  Use: Scroll            |       |       |    13 |    12 |    10 |     4 |     7 |       ||    46
       Potion            |       |       |     2 |     1 |       |     7 |       |     2 ||    12
Armor: Scale mail        |    55 |    16 |       |       |       |       |       |       ||    71
       Chain mail        |       |    38 |    41 |       |       |       |       |       ||    79
       Plate armour      |       |       |    47 |   228 |   446 |   265 |   193 |       ||  1179
       Acid dragon scale |       |       |       |     1 |       |       |       |       ||     1
       Gold dragon scale |       |       |       |       |       |    87 |   171 |    70 ||   328
Dodge: Dodged            |    33 |    36 |    43 |    99 |   271 |   274 |   395 |    70 ||  1221
Block: Kite shield       |    54 |    39 |    92 |   247 |   681 |   773 |  1495 |   268 ||  3649
       Reflection        |       |       |       |       |       |       |   166 |    17 ||   183
